 Dungeon Crawl Stone Soup version 0.25.1-2-g60ff931df9 (webtiles) character file.

Game seed: 14270276895249886627

65 DoubleLucky the Firebug (level 4, -1/24 HPs)
             Began as a Tengu Fire Elementalist on Sept 28, 2020.
             Slain by a human (7 damage)
             ... on level 2 of the Dungeon.
             The game lasted 00:07:31 (1986 turns).

DoubleLucky the Firebug (Tengu Fire Elementalist)   Turns: 1986, Time: 00:07:32

Health: -1/24      AC:  2    Str:  8    XL:     4   Next: 14%
Magic:  4/9        EV: 13    Int: 16    God:
Gold:   55         SH:  0    Dex: 15    Spells: 7/8 levels left

rFire    . . .     SeeInvis .   g - +0 short sword
rCold    . . .     Gourm    .   (no shield)
rNeg     . . .     Faith    .   a - +0 robe
rPois    .         Spirit   .   (helmet restricted)
rElec    .         Reflect  .   (no cloak)
rCorr    .         Harm     .   (no gloves)
MR       .....                  (boots unavailable)
Stlth    ++........             (no amulet)
HPRegen  0.08/turn              (no ring)
MPRegen  0.11/turn              (no ring)

@: no status effects
A: beak, talons 3
a: no special abilities


You were on level 2 of the Dungeon.
You were not hungry.

You visited 1 branch of the dungeon, and saw 2 of its levels.

You collected 55 gold pieces.

Inventory:

Hand Weapons
 g - a +0 short sword (weapon)
Armour
 a - a +0 robe (worn)
Scrolls
 b - 2 scrolls of identify {unknown}
Potions
 d - a potion of curing {unknown}
 e - a potion of degeneration {unknown}
Comestibles
 c - a ration
 f - a chunk of flesh


   Skills:
 - Level 2.1 Dodging
 - Level 2.0 Stealth
 + Level 2.7 Spellcasting
 + Level 3.1 Conjurations
 + Level 4.1 Fire Magic


You had 7 spell levels left.
You knew the following spells:

 Your Spells              Type           Power        Failure   Level  Hunger
a - Foxfire               Conj/Fire      ##..         4%          1    #......

Your spell library contained the following spells:

 Spells                   Type           Power        Failure   Level  Hunger
 Conjure Flame            Conj/Fire      ##......     13%         3    ###....
 Inner Flame              Hex/Fire       #.......     24%         3    ###....
 Sticky Flame             Conj/Fire      ##......     41%         4    #####..
 Fireball                 Conj/Fire      ##........   77%         5    ######.


Dungeon Overview and Level Annotations

Branches:
Dungeon (2/15)

Altars:
Yredelemnul


Innate Abilities, Weirdness & Mutations

You have a beak for a mouth.
You have claws for feet.


Message History

Confirm with . or Enter, or press ? or * to list all spells.
You conjure some foxfire!
Your foxfire dissipates!
The foxfire hits the human.
The human is heavily wounded.
The human hits you. The human hits you!
* * * LOW HITPOINT WARNING * * *
Casting: Foxfire (safe; 4% risk of failure)
Confirm with . or Enter, or press ? or * to list all spells.
You don't know that spell.
Casting: Foxfire (safe; 4% risk of failure)
Confirm with . or Enter, or press ? or * to list all spells.
You conjure some foxfire!
The foxfire hits the human.
The human is severely wounded.
The foxfire hits the human but does no damage.
The human is severely wounded.
The human hits you!
You die...

#.....#.....8####.
#.....#......#
#.....#...†.#####
####.##.###.#...#
#. #.#.'.#._.#
#.##.###.#...#
#........#####
###..p....# ###
#..@§..8## #.#
#...####.# #.#
##### #.# #.# ###
#.###.#####..
#..##........
##(##........
#..#........
##.#........
######.........#


You could see a human.

Vanquished Creatures
  A hound (D:2)
  4 giant cockroaches
  3 goblins
  6 hobgoblins
  3 jackals (D:1)
  2 bats
  3 frilled lizards (D:1)
  8 kobolds
  5 rats
35 creatures vanquished.

Vanquished Creatures (others)
  103 foxfires
103 creatures vanquished.

Grand Total: 138 creatures vanquished

Notes
Turn   | Place    | Note
-------+----------+-------------------------------------------
     0 | D:1      | DoubleLucky the Tengu Fire Elementalist began the quest for
                  | the Orb.
     0 | D:1      | Reached XP level 1. HP: 10/10 MP: 4/4
   207 | D:1      | Reached XP level 2. HP: 13/15 MP: 1/6
   814 | D:1      | Reached XP level 3. HP: 19/19 MP: 4/7
  1288 | D:2      | Reached skill level 4 in Fire Magic
  1290 | D:2      | Reached XP level 4. HP: 3/24 MP: 3/9
  1873 | D:2      | Found a runed translucent door.
  1873 | D:2      | Noticed a human
  1877 | D:2      | Found a basalt altar of Yredelemnul.
  1986 | D:2      | Slain by a human

Illustrated notes

Levels and vault maps discovered:
D:1:      dpeg_arrival_pits, layout_loops_ring, minmay_misc_feat_rows
D:2:      layout_basic, dk_yredelemnul_ordeal

Skill      XL: |  1  2  3 |
---------------+----------+-----
Conjurations   | 2 3 |  3.1
Fire Magic     | 4 |  4.1
Dodging        | |  2.1
Stealth        | |  2.0
Spellcasting   | |  2.7

Action                   |  1- 3 |  4- 6 || total
-------------------------+-------+-------++-------
Melee: Unarmed           |     8 |       ||     8
       Kick              |     1 |       ||     1
 Cast: Foxfire           |    53 |    23 ||    76
  Eat: Chunk             |     1 |     3 ||     4
Armor: Robe              |     8 |       ||     8
Dodge: Dodged            |    18 |    10 ||    28
